 Dungeon Crawl Stone Soup version 0.18-a0-1426-g3b9a63c (webtiles) character file.

90 namelastname112 the Insei (level 4, -3/38 HPs)
             Began as a Draconian Monk on Feb 28, 2016.
             Slain by Natasha (4 damage)
             ... on level 2 of the Dungeon.
             The game lasted 00:01:43 (1518 turns).

namelastname112 the Insei (Draconian Monk)          Turns: 1518, Time: 00:01:43

Health: -3/38      AC:  6    Str: 14    XL:     4   Next: 32%
Magic:  4/4        EV: 13    Int: 10    God:
Gold:   44         SH:  0    Dex: 14    Spells: 0 memorised, 3 levels left

rFire  + . .     SeeInvis .       - Unarmed
rCold  . . .     Gourm    .     (armour unavailable)
rNeg   . . .     Faith    .     (no shield)
rPois  .         Spirit   .     (helmet restricted)
rElec  .         Dismiss  .     (no cloak)
rCorr  .         Reflect  .     h - +0 pair of gloves
SustAt +         Harm     .     (no boots)
MR     .....                    (no amulet)
Stlth  ++........               o - ring of protection from fire
                                i - ring of sustain attributes

@: hasted and slowed, not resistant to hostile enchantments, unstealthy
A: unfitting armour, cold-blooded, AC +5
a: no special abilities


You were on level 2 of the Dungeon.
You were not hungry.

You visited 1 branch of the dungeon, and saw 2 of its levels.

You collected 44 gold pieces.

Inventory:

Armour
 h - a +0 pair of gloves (worn)
Jewellery
 i - a ring of sustain attributes (left hand)
 o - a ring of protection from fire (right hand)
Scrolls
 e - 2 scrolls of remove curse {unknown}
 g - a scroll of amnesia {unknown}
 j - a scroll of blinking {unknown}
 k - 3 scrolls of identify {unknown}
 p - a scroll of fear {unknown}
 r - a scroll of fog {unknown}
Potions
 f - a potion of might {unknown}
 l - a potion of brilliance {unknown}
 m - 3 potions of agility {unknown}
 q - a potion of invisibility {unknown}
Comestibles
 a - a bread ration
 b - a beef jerky
 n - 2 meat rations


   Skills:
 - Level 3.2 Fighting
 - Level 2.6 Dodging
 - Level 1.7 Stealth
 + Level 5.8 Unarmed Combat


You had 3 spell levels left.
You didn't know any spells.

Dungeon Overview and Level Annotations

Branches:
Dungeon (2/15)

Altars:

Annotations:
D:2 Natasha


Innate Abilities, Weirdness & Mutations

Your plain brown scales are hard (AC +5).
Your body does not fit into most forms of armour.
You are cold-blooded and may be slowed by cold attacks.


Message History

The iron imp hits you but does no damage.
Natasha misses you. The white imp gestures at you. The puff of frost hits you!
* * * LOW HITPOINT WARNING * * *
The iron imp hits you but does no damage.
Drink which item? (? for menu, Esc to quit)
You feel better.
Natasha stares at you and mumbles some strange words.
You feel as though you will be slow longer.
The white imp barely misses you. The iron imp hits you!
* * * LOW HITPOINT WARNING * * *
Natasha howls an incantation.
Natasha glows brightly for a moment.
Natasha claws you.
* * * LOW HITPOINT WARNING * * *
Drink which item? (? for menu, Esc to quit)
It was a potion of haste.
You feel yourself speed up. The white imp closely misses you.
Natasha claws you.
You die...

#.# #.#.# #### #.#.#
#.... #.#.# #.###
#$#.# .# ###.#.##
#.# # ......## #.#
###>##5h5..## #.#
.......@....# #.#
.##(##...%?.# #.#
##.....# ###.#
###(...#### #...#
#.....÷...###.#.##
..........†....###.#
###?........###.#.##
###....#### #..##
#..=.######..####


You could see an iron imp, Natasha and a white imp.

Vanquished Creatures
  Jessica (D:2)
  2 adders (D:2)
  3 oozes
  A dart slug (D:2)
  2 bats (D:1)
  10 goblins
  2 hobgoblins (D:1)
  3 kobolds
  A quokka (D:2)
  A giant newt (D:1)
  6 rats
32 creatures vanquished.

Notes
Turn   | Place    | Note
--------------------------------------------------------------
     0 | D:1      | namelastname112 the Draconian Monk began the quest for the Orb.
     0 | D:1      | Reached XP level 1. HP: 19/19 MP: 1/1
   289 | D:1      | Reached XP level 2. HP: 20/26 MP: 2/2
   941 | D:2      | Noticed Jessica
   961 | D:2      | Killed Jessica
   961 | D:2      | Reached skill level 5 in Unarmed Combat
   961 | D:2      | Reached XP level 3. HP: 22/31 MP: 3/3
  1050 | D:2      | Reached XP level 4. HP: 29/38 MP: 4/4
  1500 | D:2      | Noticed Natasha
  1517 | D:2      | HP: 1/38 [Natasha (3)]
  1518 | D:2      | Slain by Natasha

Vault maps used:
D:1:      dpeg_arrival_boxorama, monster_avoids_cloud
D:2:      grunt_pakellas_basics, uniq_jessica, uniq_natasha

Skill      XL: |  1  2 |
---------------+-------+-----
Unarmed Combat | 5 |  5.8
Fighting       | |  3.2
Dodging        | |  2.6
Stealth        | |  1.7

Action                   |  1- 3 |  4- 6 || total
-------------------------+-------+-------++-------
Melee: Unarmed           |    88 |    54 ||   142
  Use: Potion            |       |     3 ||     3
 Stab: Sleeping          |     6 |     1 ||     7
  Eat: Chunk             |       |     2 ||     2
